[Event "Titled Tuesday Blitz January 03 Late 2023"]
[White "Ibarra Jerez, Jose Carlos"]
[Black "Rodriguez Fontecha, Marcos"]
[WhiteFideId "2226332"]
[BlackFideId "2256576"]
[WhiteElo "2563"]
[BlackElo "2309"]
[Result "1-0"]
[Round "02"]
[TimeControl "180+2"]
[Date "2023.01.03"]
[WhiteClock "0:02:11"]
[BlackClock "0:00:54"]

1. e4 e6 2. d4 c5 3. d5 exd5 4. exd5 d6 5. c4 Nf6 6. Nc3 Be7 7. Bd3 Na6 8. Nge2 Nc7 9. O-O O-O 10. Ng3 Re8 11. a4 b6 12. h3 a6 13. Qf3 Bf8 14. Bg5 h6 15. Bxf6 Qxf6 16. Qxf6 gxf6 17. Nce4 Be7 18. Nh5 Rd8 19. Nexf6+ Kh8 20. Rfe1 Bxf6 21. Nxf6 Kg7 22. Nh5+ Kf8 23. Re3 Ne8 24. Rae1 Ra7 25. Rg3 f6 26. Bg6 Re7 27. Rxe7 Kxe7 28. Re3+ Kf8 29. Rxe8+ Rxe8 30. Bxe8 Kxe8 31. Nxf6+ Kf7 32. Ne4 Ke7 33. f3 Bd7 34. b3 b5 35. axb5 axb5 36. Kf2 bxc4 37. bxc4 Ba4 38. Ke3 Bb3 39. Nd2 Bc2 40. f4 Kf6 41. g4 1-0


[Site "https://www.chess.com"]

[Event "Titled Tuesday Blitz January 03 Late 2023"]
[White "Kleiman, Jake"]
[Black "Oliveira, Silvio Eduardo"]
[WhiteFideId "2020041"]
[BlackFideId "2111560"]
[WhiteElo "2399"]
[BlackElo "2297"]
[Result "0-1"]
[Round "02"]
[TimeControl "180+2"]
[Date "2023.01.03"]
[WhiteClock "0:00:03"]
[BlackClock "0:00:20"]

1. e4 e5 2. Nf3 Nc6 3. Bc4 Nf6 4. d3 h6 5. O-O Bc5 6. Re1 d6 7. c3 a6 8. Bb3 Ba7 9. Nbd2 Be6 10. Bc2 Ng4 11. Re2 Bxf2+ 12. Rxf2 Ne3 13. Qe2 Nxc2 14. Rb1 Bxa2 15. b3 Bxb1 16. Nxb1 Na1 17. Qa2 Nxb3 18. Qxb3 Qd7 19. d4 O-O 20. Be3 Rfe8 21. Nbd2 a5 22. d5 Ne7 23. c4 a4 24. Qa3 b5 25. c5 b4 26. Qxb4 a3 27. c6 Qc8 28. Rf1 Qa6 29. Qc3 Reb8 30. Ra1 a2 31. Ne1 Qa3 32. Qxa3 Rxa3 33. Kf2 f5 34. Nc2 Rc3 35. Rxa2 f4 36. Ba7 Ra8 37. Nb4 Nc8 38. Bd4 Rxa2 39. Bxc3 Ra3 40. Bb2 Ra4 41. Bc3 g5 42. Ke2 Kf7 43. Nc4 Na7 44. Kd3 Nb5 45. h3 h5 46. Bd2 g4 47. hxg4 hxg4 48. Nc2 Kf6 49. Ba5 Ra2 50. Bxc7 Nxc7 51. Nxd6 g3 52. Nc4 f3 53. N4e3 fxg2 54. Nxg2 Nb5 55. Nce3 Ra3+ 56. Ke2 Nd4+ 57. Kd2 Ra2+ 58. Kd3 Ke7 59. Kc4 Kd6 60. Kd3 Ra3+ 61. Kd2 Ra2+ 62. Kd3 Rf2 63. Nc4+ Kc7 64. Nce3 Nf3 65. Kc3 Ng5 66. Kd3 Nh3 67. Nh4 Nf4+ 68. Kc4 g2 69. Nhxg2 Nxg2 70. Nf5 Nf4 71. Ne3 Re2 0-1


[Site "https://www.chess.com"]

[Event "Titled Tuesday Blitz January 03 Late 2023"]
[White "Zhigalko, Sergei"]
[Black "Brilej, Jaka"]
[WhiteFideId "13502956"]
[BlackFideId "14618818"]
[WhiteElo "2572"]
[BlackElo "2321"]
[Result "1-0"]
[Round "02"]
[TimeControl "180+2"]
[Date "2023.01.03"]
[WhiteClock "0:00:47"]
[BlackClock "0:00:36"]

1. e4 c6 2. d4 d5 3. e5 Bf5 4. Nf3 e6 5. Be2 c5 6. Be3 Qb6 7. Nc3 Nc6 8. dxc5 Bxc5 9. Bxc5 Qxc5 10. Nb5 Nge7 11. Nc7+ Kd7 12. Nxa8 Rxa8 13. c3 Be4 14. O-O Bxf3 15. Bxf3 Nxe5 16. Re1 N7c6 17. Be2 Ke8 18. Qa4 Kf8 19. Qf4 Kg8 20. Rad1 Rc8 21. Bd3 Nxd3 22. Rxd3 Ne7 23. Rf3 Rf8 24. Rxe6 Ng6 25. Qd6 Qb5 26. Re1 Qxb2 27. Qxd5 Qb6 28. h4 Qc7 29. h5 Nf4 30. Qf5 1-0


[Site "https://www.chess.com"]

[Event "Titled Tuesday Blitz January 03 Late 2023"]
[White "Manukyan, Sargis A."]
[Black "Mosadeghpour, Masoud"]
[WhiteFideId "13303970"]
[BlackFideId "12519278"]
[WhiteElo "2158"]
[BlackElo "2472"]
[Result "0-1"]
[Round "02"]
[TimeControl "180+2"]
[Date "2023.01.03"]
[WhiteClock "0:00:20"]
[BlackClock "0:01:45"]

1. d4 Nf6 2. c4 e6 3. Nc3 d5 4. Nf3 Bb4 5. Bg5 h6 6. Bh4 g5 7. Bg3 Ne4 8. Qc2 h5 9. cxd5 exd5 10. Nd2 Nxd2 11. Qxd2 h4 12. Be5 f6 13. e4 fxe5 14. exd5 Qf6 15. Bb5+ Bd7 16. dxe5 Qxe5+ 17. Kd1 O-O 18. Re1 Qf4 19. Qd3 Bf5 20. Qc4 Qxc4 21. Bxc4 Kg7 22. f3 Nd7 23. a3 Bxc3 24. bxc3 Nb6 25. Bb3 Bd3 26. Re7+ Rf7 27. Rxf7+ Kxf7 28. d6+ Bc4 29. Bxc4+ Nxc4 30. dxc7 Rc8 31. Kc2 Ne3+ 32. Kb3 Rxc7 33. g3 hxg3 34. hxg3 Rd7 35. f4 g4 36. Rh1 Kg6 37. Rh8 Nf5 38. Rg8+ Rg7 39. Rd8 Nxg3 40. Rd6+ Kf5 41. a4 Kxf4 42. a5 Nf5 43. a6 Nxd6 0-1


[Site "https://www.chess.com"]

[Event "Titled Tuesday Blitz January 03 Late 2023"]
[White "Babazada, Khazar"]
[Black "Leenhouts, Koen"]
[WhiteFideId "13413554"]
[BlackFideId "1008439"]
[WhiteElo "2474"]
[BlackElo "2447"]
[Result "1-0"]
[Round "02"]
[TimeControl "180+2"]
[Date "2023.01.03"]
[WhiteClock "0:01:36"]
[BlackClock "0:00:10"]

1. e4 e6 2. d4 d5 3. Nc3 Bb4 4. e5 Qd7 5. a3 Bf8 6. Nf3 b6 7. Ne2 Ne7 8. Nf4 Ba6 9. Bxa6 Nxa6 10. Qe2 Nb8 11. h4 h6 12. h5 c5 13. dxc5 bxc5 14. O-O Nf5 15. Rd1 Nc6 16. c4 Ncd4 17. Nxd4 Nxd4 18. Qf1 dxc4 19. Be3 Be7 20. Qxc4 O-O 21. Bxd4 cxd4 22. Rxd4 Qb7 23. b4 Rac8 24. Qd3 Rfd8 25. Rd1 Rxd4 26. Qxd4 Rd8 27. Qa1 Rxd1+ 28. Qxd1 Qe4 29. g3 Qxe5 30. Qd7 Bg5 31. Qe8+ Kh7 32. Qxf7 Bxf4 33. Qxf4 Qxh5 34. Qe4+ 1-0


[Site "https://www.chess.com"]

[Event "Titled Tuesday Blitz January 03 Late 2023"]
[White "Omelja, Artem"]
[Black "Sanal, Vahap"]
[WhiteFideId "14119846"]
[BlackFideId "6300545"]
[WhiteElo "2446"]
[BlackElo "2600"]
[Result "1-0"]
[Round "02"]
[TimeControl "180+2"]
[Date "2023.01.03"]
[WhiteClock "0:00:04"]
[BlackClock "0:01:09"]

1. d4 d6 2. c4 e5 3. Nf3 e4 4. Nfd2 f5 5. Nc3 Nf6 6. e3 c5 7. Nb3 b6 8. Be2 Be7 9. O-O O-O 10. f3 Nc6 11. fxe4 fxe4 12. d5 Ne5 13. Nd2 Nd3 14. Ndxe4 Nxc1 15. Rxc1 Nxe4 16. Nxe4 Bd7 17. Bd3 Bf6 18. Nxf6+ Rxf6 19. Qh5 h6 20. Rxf6 Qxf6 21. Rf1 Be8 22. Rxf6 Bxh5 23. Rxd6 Re8 24. Kf2 Rf8+ 25. Ke1 Re8 26. e4 Kf7 27. Rd7+ Kf6 28. Rxa7 Ke5 29. Rxg7 Kd4 30. Rg3 Ra8 31. a3 Rf8 32. Be2 Be8 33. Rb3 Rf6 34. e5 Kxe5 35. Re3+ Kd4 36. Rxe8 Rg6 37. Bf3 b5 38. Re4+ Kd3 39. cxb5 c4 40. Re6 Rg5 41. Be2+ Kd4 42. d6 Rd5 43. Rxh6 Kc5 44. Rh5 Kxd6 45. Rxd5+ Kxd5 46. b6 c3 47. bxc3 Ke4 48. b7 Ke3 49. b8=Q Ke4 50. Qe8+ Kf4 51. Qe6 Kg5 52. Qe5+ Kh4 53. Qh5# 1-0


[Site "https://www.chess.com"]

[Event "Titled Tuesday Blitz January 03 Late 2023"]
[White "Remizov, Yaroslav"]
[Black "Guerra Rivera, Salvador"]
[WhiteFideId "34134015"]
[BlackFideId "32096542"]
[WhiteElo "2421"]
[BlackElo "2290"]
[Result "1-0"]
[Round "02"]
[TimeControl "180+2"]
[Date "2023.01.03"]
[WhiteClock "0:00:04"]
[BlackClock "0:00:34"]

1. Nf3 d6 2. e4 Nf6 3. Nc3 e5 4. d4 exd4 5. Nxd4 Be7 6. g3 O-O 7. Bg2 Nc6 8. O-O Bg4 9. Nde2 Qd7 10. Re1 Rfe8 11. Bf4 Bf8 12. Qd2 Ne5 13. Bxe5 dxe5 14. Qxd7 Bxd7 15. Nd5 Nxd5 16. exd5 f5 17. Rad1 Bd6 18. h4 Kf7 19. Nc1 Kf6 20. Nb3 e4 21. Bf1 h6 22. c4 b6 23. Rc1 g5 24. c5 bxc5 25. Nxc5 Re7 26. h5 Rb8 27. b3 Bb5 28. g4 Bxf1 29. Kxf1 Rb5 30. Na4 Rxd5 31. Nc3 Rd2 32. gxf5 Kxf5 33. Rcd1 Rxd1 34. Rxd1 e3 35. f3 g4 36. fxg4+ Kxg4 37. Ke2 Kxh5 38. Nd5 Re5 39. Nf4+ Kg4 40. Nd3 Re7 41. Rg1+ Kf5 42. Rf1+ Ke4 43. Rh1 Kd4 44. Rxh6 Kc3 45. Rh4 Rg7 46. Rc4# 1-0


[Site "https://www.chess.com"]

[Event "Titled Tuesday Blitz January 03 Late 2023"]
[White "Zakhartsov, Vladimir"]
[Black "Egorov, Evgeny"]
[WhiteFideId "4145097"]
[BlackFideId "13700421"]
[WhiteElo "2552"]
[BlackElo "2294"]
[Result "1-0"]
[Round "02"]
[TimeControl "180+2"]
[Date "2023.01.03"]
[WhiteClock "0:00:07"]
[BlackClock "0:00:01"]

1. c4 g6 2. Nc3 Bg7 3. g3 d6 4. Bg2 f5 5. d4 Nf6 6. e4 fxe4 7. Nxe4 O-O 8. Be3 e5 9. Nxf6+ Qxf6 10. Ne2 Nc6 11. dxe5 Nxe5 12. O-O Nf3+ 13. Kh1 Kh8 14. Nf4 Ne5 15. Nd5 Qd8 16. Bd4 c6 17. Ne3 Be6 18. f4 Nf7 19. Bxg7+ Kxg7 20. f5 gxf5 21. Nxf5+ Bxf5 22. Rxf5 Ne5 23. Rxf8 Qxf8 24. Qd4 Qe7 25. Re1 c5 26. Qe3 Rf8 27. Bd5 b6 28. Kg2 Qf6 29. Qe2 Qg5 30. Rf1 Rxf1 31. Qxf1 Qd2+ 32. Qf2 Qxf2+ 33. Kxf2 Nd3+ 34. Ke3 Nxb2 35. g4 a6 36. Kf4 b5 37. cxb5 axb5 38. Kf5 c4 39. Ke6 c3 40. Bb3 Nc4 41. g5 Kg6 42. h4 Kh5 43. Bc2 Kxh4 44. Kf6 d5 45. Bxh7 d4 46. Bd3 Nd6 47. g6 Kg3 48. Ke7 Nc8+ 49. Ke6 Kf4 50. g7 Ke3 51. Bb1 d3 52. g8=Q c2 53. Bxc2 dxc2 54. Qxc8 Kd2 55. Qd7+ Kc3 56. Qxb5 c1=Q 57. Qc6+ Kb2 58. Qxc1+ 1-0


[Site "https://www.chess.com"]

[Event "Titled Tuesday Blitz January 03 Late 2023"]
[White "Yang, Kevin"]
[Black "Holt, Conrad"]
[WhiteFideId "30908485"]
[BlackFideId "2034387"]
[WhiteElo "2096"]
[BlackElo "2540"]
[Result "0-1"]
[Round "02"]
[TimeControl "180+2"]
[Date "2023.01.03"]
[WhiteClock "0:00:01"]
[BlackClock "0:00:46"]

1. b3 d5 2. Bb2 Bg4 3. Nf3 Nd7 4. d3 e6 5. Nbd2 h6 6. c4 Ngf6 7. a3 c5 8. cxd5 exd5 9. Qc2 Bd6 10. e3 O-O 11. h3 Bh5 12. Nh4 d4 13. e4 Nxe4 14. Nxe4 Qxh4 15. Nxd6 Qe7+ 16. Ne4 f5 17. Be2 fxe4 18. dxe4 Bxe2 19. Qxe2 Rae8 20. O-O Qxe4 21. Qb5 Qd5 22. b4 a6 23. Qd3 Ne5 24. Qd1 Re6 25. bxc5 Rg6 26. f3 Rxf3 27. Qc2 Rfg3 28. Rf2 Nd3 29. Re2 Nf4 30. Re8+ Kh7 0-1


[Site "https://www.chess.com"]

[Event "Titled Tuesday Blitz January 03 Late 2023"]
[White "Vasquez Schroeder, Rodrigo"]
[Black "Ehlvest, Jaan"]
[WhiteFideId "3400042"]
[BlackFideId "4500016"]
[WhiteElo "2524"]
[BlackElo "2530"]
[Result "0-1"]
[Round "02"]
[TimeControl "180+2"]
[Date "2023.01.03"]
[WhiteClock "0:00:18"]
[BlackClock "0:00:10"]

1. e4 e6 2. d4 d5 3. Nc3 Bb4 4. e5 b6 5. Bd2 Ne7 6. Nf3 Qd7 7. Bb5 c6 8. Ba4 Ba6 9. Ne2 Bxd2+ 10. Qxd2 O-O 11. O-O Qc7 12. Rfe1 c5 13. c3 Bxe2 14. Rxe2 Nbc6 15. Bc2 Rac8 16. Rc1 h6 17. Ree1 Rfd8 18. h4 Ng6 19. g3 Qe7 20. a3 a5 21. h5 Nf8 22. Ba4 Rc7 23. Kg2 Rb8 24. Qe2 Rbc8 25. Rcd1 cxd4 26. cxd4 Na7 27. Rd2 Rc4 28. Bb3 R4c7 29. Bc2 b5 30. Bd3 b4 31. a4 b3 32. Ra1 Qb4 33. Rdd1 Nc6 34. Ra3 Ne7 35. Qd2 Qb6 36. Bb5 Rc2 37. Qe3 Nf5 38. Qxb3 Nh7 39. g4 Ne7 40. Raa1 Ng5 41. Ne1 R2c7 42. Qe3 Nc6 43. Rac1 Nb4 44. Nd3 Nc2 45. Qf4 Qxd4 46. Qxd4 Nxd4 47. Ba6 Rxc1 48. Rxc1 Rxc1 49. Nxc1 Ne4 50. Nd3 Nc2 51. Kf3 Kf8 52. Ke2 Ke7 53. f3 Ng5 54. Kd2 Nd4 55. f4 Ne4+ 56. Ke3 Nc2+ 57. Ke2 Kd7 58. Kf3 Nd4+ 59. Ke3 Nc2+ 60. Ke2 Nd4+ 61. Kd1 Kc7 62. b4 Kb6 63. b5 Nc3+ 64. Kd2 Nxa4 65. Ke3 Nb3 66. Bc8 Nbc5 67. Nxc5 Nxc5 68. Kd4 a4 69. Kc3 Kxb5 70. f5 Kb6 71. f6 gxf6 72. exf6 Ne4+ 73. Kb4 Nxf6 74. g5 hxg5 75. h6 g4 76. Kxa4 g3 77. Kb4 g2 0-1


[Site "https://www.chess.com"]

[Event "Titled Tuesday Blitz January 03 Late 2023"]
[White "Suder, Jakub"]
[Black "Abdisalimov, Abdimalik"]
[WhiteFideId "1195310"]
[BlackFideId "14206323"]
[WhiteElo "2244"]
[BlackElo "2492"]
[Result "0-1"]
[Round "02"]
[TimeControl "180+2"]
[Date "2023.01.03"]
[WhiteClock "0:01:25"]
[BlackClock "0:01:42"]

1. d4 Nf6 2. c4 e6 3. Nc3 Bb4 4. f3 c5 5. d5 b5 6. e4 O-O 7. e5 Ne8 8. f4 d6 9. Nf3 exd5 10. cxd5 Bg4 11. Bxb5 Nc7 12. Bc4 dxe5 13. fxe5 Nd7 14. e6 Nb6 15. Be2 Ncxd5 16. exf7+ Rxf7 17. Bd2 Bxc3 18. bxc3 Bxf3 19. Bxf3 Qh4+ 20. Kf1 Re8 21. Qb3 Nc4 22. Be1 Rxf3+ 23. gxf3 Rxe1+ 24. Rxe1 Nd2+ 25. Kg2 Nxb3 26. axb3 Nf4+ 0-1


[Site "https://www.chess.com"]

[Event "Titled Tuesday Blitz January 03 Late 2023"]
[White "Krishnan, Varun"]
[Black "Mardov, Dimitar"]
[WhiteFideId "5054508"]
[BlackFideId "30919495"]
[WhiteElo "2341"]
[BlackElo "2456"]
[Result "0-1"]
[Round "02"]
[TimeControl "180+2"]
[Date "2023.01.03"]
[WhiteClock "0:00:00"]
[BlackClock "0:00:09"]

1. d4 Nf6 2. c4 e6 3. g3 d5 4. Bg2 dxc4 5. Nf3 Nc6 6. O-O Rb8 7. a4 a6 8. Qc2 b5 9. axb5 axb5 10. b3 Nb4 11. Qb2 Bb7 12. Nbd2 Be7 13. bxc4 bxc4 14. Nxc4 O-O 15. Nce5 c5 16. dxc5 Bxc5 17. Qc3 Ne4 18. Qb3 Bd5 19. Qd1 Qb6 20. Nd7 Nxf2 21. Qa4 Ne4+ 22. Kh1 Qb7 23. Nxb8 Rxb8 24. Bf4 Rf8 25. e3 Qe7 26. Rac1 Nd3 27. Rc2 h6 28. Qa1 Ra8 29. Qb1 Nb4 30. Rb2 Nc3 31. Qc1 Ne4 0-1


[Site "https://www.chess.com"]

[Event "Titled Tuesday Blitz January 03 Late 2023"]
[White "Gaehwiler, Gabriel"]
[Black "Janaszak, Dawid"]
[WhiteFideId "1314530"]
[BlackFideId "1119206"]
[WhiteElo "2404"]
[BlackElo "2316"]
[Result "0-1"]
[Round "02"]
[TimeControl "180+2"]
[Date "2023.01.03"]
[WhiteClock "0:00:16"]
[BlackClock "0:00:08"]

1. d4 d5 2. c4 e6 3. Nf3 c5 4. cxd5 exd5 5. g3 Nf6 6. Bg2 Nc6 7. O-O Be7 8. dxc5 Bxc5 9. Nc3 O-O 10. Bg5 d4 11. Bxf6 Qxf6 12. Ne4 Qe7 13. Nxc5 Qxc5 14. Qd2 Bg4 15. b4 Qb6 16. Rab1 Rad8 17. b5 Ne7 18. Ne5 Bf5 19. Rb2 Qe6 20. Nd3 b6 21. Nf4 Qd6 22. Rd1 Rfe8 23. Rb4 Qc5 24. a4 Ng6 25. Rxd4 Rc8 26. Rd5 Qc2 27. e3 Bg4 28. Qxc2 Rxc2 29. Rd8 Kf8 30. f3 Nxf4 31. gxf4 Be6 32. Bf1 Ra2 33. e4 Rxa4 34. f5 Bb3 35. R1d2 Ra1 36. Kf2 Ke7 37. R8d7+ Kf8 38. Be2 h5 39. Ke3 h4 40. Kf4 h3 41. Kg4 Rg1+ 42. Kh4 g6 43. fxg6 fxg6 44. Kxh3 Re5 45. Rd8+ Kg7 46. R2d7+ Bf7 47. f4 Rxe4 48. Bf3 Re3 49. Rd6 Rxf3+ 50. Kh4 Rxf4+ 51. Kh3 Rf3+ 52. Kh4 g5# 0-1


[Site "https://www.chess.com"]

[Event "Titled Tuesday Blitz January 03 Late 2023"]
[White "Bayo Milagro, Alvaro"]
[Black "Kravtsiv, Martyn"]
[WhiteFideId "22275240"]
[BlackFideId "14113147"]
[WhiteElo "2287"]
[BlackElo "2598"]
[Result "0-1"]
[Round "02"]
[TimeControl "180+2"]
[Date "2023.01.03"]
[WhiteClock "0:02:31"]
[BlackClock "0:02:46"]

1. d4 d5 2. c4 e6 3. Nf3 Nf6 4. g3 Bb4+ 5. Bd2 Be7 6. Bg2 O-O 7. O-O c6 8. Qc2 a5 9. Rd1 b5 10. cxd5 cxd5 11. Nc3 b4 12. Bf4 bxc3 0-1


[Site "https://www.chess.com"]

[Event "Titled Tuesday Blitz January 03 Late 2023"]
[White "Mahdavi, Reza"]
[Black "Gschnitzer, Adrian"]
[WhiteFideId "12595926"]
[BlackFideId "1270337"]
[WhiteElo "2339"]
[BlackElo "2432"]
[Result "1-0"]
[Round "02"]
[TimeControl "180+2"]
[Date "2023.01.03"]
[WhiteClock "0:01:15"]
[BlackClock "0:00:03"]

1. e4 c5 2. Nf3 Nc6 3. Bb5 g6 4. O-O Bg7 5. Re1 e5 6. Bxc6 dxc6 7. d3 Ne7 8. a3 a5 9. Be3 b6 10. Nbd2 Be6 11. b3 h6 12. Nc4 Bxc4 13. dxc4 O-O 14. Qc1 Kh7 15. Rd1 Qc7 16. Rb1 f5 17. b4 f4 18. Bd2 g5 19. bxc5 bxc5 20. h3 Ng6 21. Bc3 Rfd8 22. Rxd8 Rxd8 23. Qb2 a4 24. Qb6 Rd1+ 25. Kh2 Qxb6 26. Rxb6 Rc1 27. Rb7 Kg8 28. Rb8+ Kf7 29. Rb7+ Kg8 30. Rb2 Kf7 31. Ne1 Kf6 32. Nd3 Ra1 33. Rb6 Rxa3 34. Bb2 Ra2 35. Nc1 Rxb2 36. Rxb2 Nf8 37. Nd3 Ne6 38. Ra2 Bf8 39. Rxa4 Nd4 40. c3 Ne2 41. Ra6 Nxc3 42. Rxc6+ Ke7 43. f3 Na4 44. Nxe5 Kd8 45. h4 gxh4 46. Kh3 Nb2 47. Kxh4 Be7+ 48. Kg4 Nd1 49. Kf5 Ne3+ 50. Ke6 Nxg2 51. Nf7+ Ke8 52. Rc8+ Bd8 53. Rxd8# 1-0


[Site "https://www.chess.com"]

[Event "Titled Tuesday Blitz January 03 Late 2023"]
[White "Mendez Fortes, Eduardo Jesus"]
[Black "Yanchenko, Roman"]
[WhiteFideId "3502376"]
[BlackFideId "4137329"]
[WhiteElo "2250"]
[BlackElo "2466"]
[Result "0-1"]
[Round "02"]
[TimeControl "180+2"]
[Date "2023.01.03"]
[WhiteClock "0:00:33"]
[BlackClock "0:01:51"]

1. e4 e6 2. d4 d5 3. Nd2 c5 4. exd5 exd5 5. Ngf3 Nc6 6. Bb5 c4 7. O-O Bd6 8. b3 cxb3 9. axb3 Ne7 10. c4 O-O 11. c5 Bc7 12. h3 a6 13. Bd3 Bf5 14. Bxf5 Nxf5 15. Bb2 Qf6 16. Re1 Rae8 17. Rxe8 Rxe8 18. Nf1 Re4 19. Ra4 h6 20. Qd3 Bf4 21. g3 Bc7 22. N1d2 Re6 23. b4 g6 24. Kg2 Qe7 25. b5 axb5 26. Qxb5 Bxg3 27. fxg3 Re2+ 28. Kg1 Qe3+ 29. Kh1 Nxg3# 0-1


[Site "https://www.chess.com"]

[Event "Titled Tuesday Blitz January 03 Late 2023"]
[White "Kobalia, Mikhail"]
[Black "Principe, Gerson"]
[WhiteFideId "4119150"]
[BlackFideId "3804550"]
[WhiteElo "2578"]
[BlackElo "2226"]
[Result "1-0"]
[Round "02"]
[TimeControl "180+2"]
[Date "2023.01.03"]
[WhiteClock "0:01:25"]
[BlackClock "0:00:09"]

1. e4 c6 2. d4 d5 3. exd5 cxd5 4. Bd3 Nc6 5. c3 Qc7 6. Ne2 Bg4 7. O-O e6 8. Qe1 Bd6 9. f3 Bh5 10. Qh4 Bg6 11. Bxg6 fxg6 12. Bf4 Nf6 13. Bxd6 Qxd6 14. Nd2 O-O 15. Nb3 Rae8 16. Rad1 e5 17. dxe5 Nxe5 18. Nec1 Qc7 19. Qd4 Nc4 20. Rf2 Ne3 21. Rdd2 b6 22. Rde2 Nf5 23. Qd2 Nd6 24. Nd3 Nc4 25. Qc1 Re7 26. Rxe7 Qxe7 27. Nd4 Re8 28. Re2 Qd7 29. Qe1 Rxe2 30. Qxe2 Qe8 31. Qxe8+ Nxe8 32. Kf2 Nc7 33. Ke2 h6 34. b3 Nd6 35. Nc6 a6 36. Nf4 Kf7 37. Nb4 Ndb5 38. Kd3 g5 39. Nfxd5 Nxd5 40. Nxd5 1-0


[Site "https://www.chess.com"]

[Event "Titled Tuesday Blitz January 03 Late 2023"]
[White "Altman, Joshua"]
[Black "Yuan, Qingyu"]
[WhiteFideId "426210"]
[BlackFideId "8609772"]
[WhiteElo "2120"]
[BlackElo "2373"]
[Result "0-1"]
[Round "02"]
[TimeControl "180+2"]
[Date "2023.01.03"]
[WhiteClock "0:00:34"]
[BlackClock "0:00:13"]

1. d4 d5 2. c4 e6 3. Nc3 Be7 4. cxd5 exd5 5. Nf3 c6 6. Bf4 Bf5 7. e3 Nd7 8. Bd3 Bxd3 9. Qxd3 Ngf6 10. h3 O-O 11. O-O Ne8 12. Rab1 Bd6 13. Rfc1 Qb8 14. Bxd6 Nxd6 15. Nd2 Re8 16. b4 b5 17. e4 Nb6 18. exd5 cxd5 19. Nxb5 Ndc4 20. Nc3 Qd6 21. Nxc4 dxc4 22. Qd2 Rad8 23. Rd1 h6 24. a4 Nd5 25. Nxd5 Qxd5 26. Qc3 Re4 27. Rbc1 Rxd4 28. Rxd4 Qxd4 29. Qxc4 Qxc4 30. Rxc4 Rd1+ 31. Kh2 Ra1 32. a5 Rb1 33. Rc8+ Kh7 34. Rc7 f6 35. Rb7 a6 36. Rb6 Rb3 37. f3 Kg6 38. Kg3 Kf5 39. Rb7 g5 40. Rb6 Rb2 41. Rxa6 Rxb4 42. Ra7 Ra4 43. a6 Ra2 44. Ra8 h5 45. a7 h4+ 46. Kh2 Ra1 47. g4+ Kf4 48. Rf8 Ra2+ 49. Kg1 Rxa7 50. Rxf6+ Kg3 51. Kf1 Kxh3 52. Rg6 Kg3 53. Rxg5 Kxf3 54. Ke1 Re7+ 55. Kd2 h3 56. Rh5 Kg2 57. Rh8 h2 58. g5 h1=Q 59. Rxh1 Kxh1 60. g6 Kg2 61. Kd3 Rg7 62. Kd4 Rxg6 63. Ke5 Rg3 64. Kf5 Rf3+ 65. Ke4 Kf2 66. Kd4 Ke2 67. Ke4 Re3+ 68. Kd4 Kf3 69. Kc4 Ke4 70. Kc5 Rd3 71. Kc4 Rd4+ 72. Kc5 Rd5+ 73. Kc4 Ke5 74. Kb4 Kd4 75. Kb3 Rc5 76. Kb4 Rd5 77. Kb3 Rb5+ 78. Ka4 Kc4 79. Ka3 Kc3 80. Ka4 Rc5 81. Ka3 Ra5# 0-1


[Site "https://www.chess.com"]

[Event "Titled Tuesday Blitz January 03 Late 2023"]
[White "Nogerbek, Kazybek"]
[Black "Goltseva, Ekaterina"]
[WhiteFideId "13710427"]
[BlackFideId "24173770"]
[WhiteElo "2474"]
[BlackElo "2283"]
[Result "1-0"]
[Round "02"]
[TimeControl "180+2"]
[Date "2023.01.03"]
[WhiteClock "0:02:03"]
[BlackClock "0:00:41"]

1. d4 d5 2. Nf3 Nf6 3. c4 dxc4 4. e3 Bg4 5. Bxc4 e6 6. O-O a6 7. h3 Bh5 8. Be2 Nc6 9. b3 Bd6 10. Bb2 O-O 11. Nbd2 Qe7 12. Rc1 Rfd8 13. Nh4 Bxe2 14. Qxe2 Qe8 15. Nhf3 e5 16. Rxc6 Qxc6 17. Rc1 Qd7 18. dxe5 Bb4 19. exf6 Bxd2 20. Rd1 Qb5 21. Rxd2 Qxe2 22. Rxe2 gxf6 23. Bxf6 Rd1+ 24. Kh2 c5 25. Rc2 b6 26. g4 Re8 27. g5 Re6 28. b4 Rd5 29. bxc5 Rxc5 30. Rd2 Rc8 31. Nd4 Rd6 32. Rb2 Rc1 33. Nf5 Re6 34. Rd2 Re8 35. h4 h5 36. Rd7 Rf8 37. g6 Rc6 38. Nh6# 1-0


[Site "https://www.chess.com"]

[Event "Titled Tuesday Blitz January 03 Late 2023"]
[White "Avila Pavas, Santiago"]
[Black "Erzhanov, Arman"]
[WhiteFideId "4437128"]
[BlackFideId "4138821"]
[WhiteElo "2522"]
[BlackElo "2228"]
[Result "0-1"]
[Round "02"]
[TimeControl "180+2"]
[Date "2023.01.03"]
[WhiteClock "0:00:32"]
[BlackClock "0:01:14"]

1. d4 d6 2. e4 Nf6 3. Nc3 e5 4. Nf3 Nbd7 5. h3 Be7 6. g4 h6 7. Be3 c6 8. Qd2 b5 9. a3 Bb7 10. Rg1 a5 11. g5 hxg5 12. Nxg5 b4 13. Ne2 g6 14. Ng3 bxa3 15. bxa3 d5 16. dxe5 Nxe5 17. f4 Nh7 18. Qc3 Nxg5 19. fxg5 Nf3+ 20. Kf2 d4 21. Qb2 Nxg1 22. Kxg1 c5 23. Qxb7 dxe3 24. Qc6+ Kf8 25. Bc4 Rc8 26. Qb7 Rb8 27. Qa7 Qb6 28. Qd7 Qd6 29. Qg4 Qd4 30. Rf1 e2+ 0-1


[Site "https://www.chess.com"]

[Event "Titled Tuesday Blitz January 03 Late 2023"]
[White "Sztokbant, Bernardo Vainzoff"]
[Black "Rustemov, Alexander"]
[WhiteFideId "2115956"]
[BlackFideId "4119002"]
[WhiteElo "2213"]
[BlackElo "2525"]
[Result "1-0"]
[Round "02"]
[TimeControl "180+2"]
[Date "2023.01.03"]
[WhiteClock "0:00:06"]
[BlackClock "0:00:23"]

1. d4 d5 2. c4 c6 3. Nf3 Nf6 4. e3 Bf5 5. Nc3 e6 6. Bd3 Bxd3 7. Qxd3 Bb4 8. O-O O-O 9. Ne2 Bd6 10. b3 Nbd7 11. Bb2 Ne4 12. Nd2 f5 13. f3 Nxd2 14. Qxd2 Nf6 15. Nf4 Qe7 16. Nd3 Rae8 17. Ne5 Nd7 18. f4 Nf6 19. Rf3 Ne4 20. Qe2 Bxe5 21. fxe5 Rf7 22. Raf1 Ref8 23. Rh3 g6 24. Rhf3 Kg7 25. Kh1 h5 26. Kg1 h4 27. cxd5 cxd5 28. Rc1 a6 29. Rc2 Rh8 30. Rf1 h3 31. g3 Qg5 32. Qf3 Qh5 33. Qxh5 Rxh5 34. Rfc1 Rh7 35. Ba3 g5 36. Rc8 Kg6 37. Re8 Kh5 38. Rxe6 Rc7 39. Bc5 Kg4 40. b4 Nd2 41. Rc2 Nf3+ 42. Kf1 Rh8 43. a4 Rhc8 44. a5 Rc6 45. Re7 R8c7 46. Rxc7 Rxc7 47. e6 Rc8 48. e7 Re8 49. Bd6 Kh5 50. Rc7 Nxh2+ 51. Kg1 Nf3+ 52. Kh1 Kg6 53. Rxb7 Kf7 54. Rc7 Ra8 55. Rd7 Ke8 56. Rb7 Rc8 57. Bc5 Ra8 58. Rb6 g4 59. Rf6 Kd7 60. Rxf5 Nd2 61. Rxd5+ Ke8 62. Rf5 Ne4 63. Rf8+ Kd7 64. Rxa8 Nxg3+ 65. Kg1 Ne2+ 66. Kh2 1-0


[Site "https://www.chess.com"]

[Event "Titled Tuesday Blitz January 03 Late 2023"]
[White "Danielyan, Vahe"]
[Black "Borges Feria, Yasel"]
[WhiteFideId "13304828"]
[BlackFideId "3504921"]
[WhiteElo "2346"]
[BlackElo "2439"]
[Result "0-1"]
[Round "02"]
[TimeControl "180+2"]
[Date "2023.01.03"]
[WhiteClock "0:00:02"]
[BlackClock "0:00:08"]

1. e4 c6 2. d4 d5 3. exd5 cxd5 4. Bd3 Nc6 5. c3 g6 6. Nf3 Bg7 7. O-O Nf6 8. Bf4 Bf5 9. Bxf5 gxf5 10. Ne5 e6 11. Nxc6 bxc6 12. Nd2 O-O 13. a4 Ne4 14. Nb3 a5 15. f3 Nf6 16. Nc5 Nd7 17. Nd3 Kh8 18. Kh1 Rg8 19. Qd2 Bf6 20. Rg1 Qe7 21. Raf1 c5 22. Ne5 Nxe5 23. dxe5 Bg5 24. Bxg5 Qxg5 25. f4 Qe7 26. Rf3 Rab8 27. Qf2 c4 28. Rh3 Rg6 29. Rh5 h6 30. g4 fxg4 31. f5 exf5 32. Rxf5 Rbg8 33. Qd4 Qe6 34. Qf4 R8g7 35. Rg3 Kh7 36. Kg2 Qc6 37. Qd4 Qxa4 38. Qxd5 Qe8 39. Qe4 Qc6 40. Rf4 Qxe4+ 41. Rxe4 Re6 42. Kf2 h5 43. Ke3 Rg5 44. Kf4 Kg6 45. Rxc4 Rf5+ 46. Ke3 Rexe5+ 47. Kd3 Rb5 48. b4 axb4 49. cxb4 Rbd5+ 50. Ke3 Rde5+ 51. Kd3 Rf1 52. Kd4 Ref5 53. Rc7 R1f4+ 54. Kc3 Rf3+ 55. Kc4 Rxg3 56. hxg3 h4 57. b5 hxg3 58. Kd3 Rf3+ 59. Ke2 Rb3 60. Kf1 Rxb5 61. Kg2 Kg5 62. Kxg3 Rb3+ 63. Kg2 f5 64. Rc4 Rb2+ 65. Rc2 Rxc2+ 66. Kg3 f4# 0-1


[Site "https://www.chess.com"]